Red Wings vs Oilers
(R1)
Created - July 30, 2022 at 22:32
Goals
|
| Red Wings |
0 |
2 |
1 |
3 |
| Oilers |
1 |
2 |
1 |
4 |
|
Shots
|
| Red Wings |
11 |
17 |
9 |
37 |
| Oilers |
8 |
13 |
11 |
32 |
|
1st period
1. Oilers , Connor McDavid 3 (Alex Galchenyuk 14) at 5:49
Penalties :
Patrice Bergeron (Edm) for High sticking (Minor) at 2:12, Ted Purcell (Edm) for Roughing (Minor) at 15:06
2nd period
2. Oilers , Jake Gardiner 3 (Connor McDavid 14) at 2:14
3. Oilers , Alex Galchenyuk 14 (Connor McDavid 15, Evander Kane 10) at 7:48
4. Red Wings , Nino Niederreiter 12 (Drew Fata 4, Henrik Zetterberg 12) at 10:29 (PP)
5. Red Wings , T.J. Hensick 5 (Jordin Tootoo 3, Henrik Zetterberg 13) at 19:42
Penalties :
Leon Draisaitl (Edm) for Holding (Minor) at 10:16, Jake Gardiner (Edm) for Interference (Minor) at 11:19, Leon Draisaitl (Edm) for Hooking (Minor) at 17:35, Henrik Zetterberg (Det) for Roughing (Minor) at 0:00
3rd period
6. Oilers , Maxim Lapierre 3 (Ted Purcell 3) at 4:21
7. Red Wings , Henrik Zetterberg 5 (Nino Niederreiter 13, Robin Lehner) at 9:21 (PP)
Penalties :
Carson Mcmillan (Det) for Holding (Minor) at 5:04, Darnell Nurse (Edm) for Holding (Minor) at 9:09, Michael Haley (Det) for Slashing (Minor) at 13:34, Jussi Jokinen (Edm) for Holding Stick (Minor) at 13:38
Goalie Stats
Robin Lehner (Det), 28 saves from 32 shots - (0.875), L, 9-4-1, 58:45 minutes
James Reimer (Edm), 34 saves from 37 shots - (0.919), W, 7-4-1, 60:00 minutes
Players Stats for Red Wings
Player Name G A P +/- PIM S H SB GA TA FO MP PP MP PK MP
------------------------------------------------------------------------------------
Carson Mcmillan 0 0 0 -1 2 0 1 0 0 0 0/0 10:19 0:00 1:14
Connor Brown 0 0 0 -2 0 2 0 1 1 1 0/0 18:48 3:33 0:00
Drew Fata 0 1 1 -1 0 1 3 1 0 0 0/0 27:37 5:34 2:24
Dylan Larkin 0 0 0 -1 0 4 0 0 1 0 4/11 14:25 2:51 0:34
Henrik Zetterberg 1 2 3 0 2 5 0 0 0 0 21/37 21:27 4:50 0:00
Jakub Kindl 0 0 0 0 0 1 1 0 0 0 0/0 12:32 0:00 0:00
Jiri Fischer 0 0 0 -2 0 0 1 1 0 0 0/0 12:47 0:00 0:00
Jordin Tootoo 0 1 1 0 0 0 2 0 1 0 0/0 7:15 0:00 0:00
Kris Versteeg 0 0 0 -2 0 1 1 0 0 0 2/5 19:55 3:33 2:23
Marko Dano 0 0 0 0 0 6 3 0 0 0 1/2 22:20 4:50 1:14
Michael Haley 0 0 0 0 2 0 0 0 0 0 0/0 8:06 0:02 0:50
Mike Richards 0 0 0 -2 0 2 1 0 0 0 6/8 17:31 3:33 0:00
Nino Niederreiter 1 1 2 0 0 9 2 0 1 2 0/1 22:14 4:52 1:21
Ole-Kristian Tollefsen 0 0 0 -2 0 0 2 0 0 1 0/0 18:45 2:51 1:39
Philip Samuelsson 0 0 0 -1 0 3 2 0 0 2 0/0 27:55 5:36 1:39
Ryan O'Byrne 0 0 0 0 0 0 0 0 0 0 0/0 15:16 0:00 2:24
T.J. Hensick 1 0 1 0 0 3 2 0 2 0 1/3 7:45 0:00 0:30
Tye McGinn 0 0 0 -1 0 0 2 0 0 0 0/0 9:03 0:00 0:00
Players Stats for Oilers
Player Name G A P +/- PIM S H SB GA TA FO MP PP MP PK MP
------------------------------------------------------------------------------------
Alex Galchenyuk 1 1 2 3 0 3 2 1 2 0 1/2 23:25 2:11 5:07
Cam Barker 0 0 0 0 0 3 1 1 2 1 0/0 27:09 2:26 5:57
Connor McDavid 1 2 3 3 0 6 0 0 0 0 6/17 19:47 1:48 3:25
Conor Sheary 0 0 0 0 0 1 4 1 0 0 0/0 8:25 0:00 0:00
Darnell Nurse 0 0 0 1 2 0 1 1 1 0 0/0 16:01 0:00 2:28
Duncan Keith 0 0 0 2 0 1 0 0 0 0 0/0 10:48 0:00 0:00
Evander Kane 0 1 1 3 0 2 1 2 0 0 0/1 17:27 2:11 0:00
Jake Gardiner 1 0 1 2 2 2 1 2 0 1 0/0 26:08 1:37 3:46
Jussi Jokinen 0 0 0 -1 2 1 1 0 0 0 0/1 19:43 1:51 3:06
Leon Draisaitl 0 0 0 -1 4 2 0 0 0 0 0/1 10:12 0:00 0:00
Maxim Lapierre 1 0 1 1 0 2 0 0 0 2 1/2 8:18 0:00 1:02
Nail Yakupov 0 0 0 1 0 0 2 0 0 0 0/0 6:56 0:00 0:00
Patrice Bergeron 0 0 0 -1 2 2 4 0 0 0 19/34 21:03 0:04 3:58
Rasmus Ristolainen 0 0 0 1 0 1 0 0 0 1 0/0 22:47 2:26 2:50
Ryan Nugent-Hopkins 0 0 0 0 0 2 2 0 1 0 5/8 10:51 2:11 0:00
Ted Purcell 0 1 1 1 2 1 1 0 0 0 0/0 7:37 0:00 0:12
Tobias Enstrom 0 0 0 0 0 2 3 1 0 1 0/0 17:10 1:37 1:49
Tyler Toffoli 0 0 0 0 0 1 0 0 0 0 0/1 15:46 1:52 0:00
3 Stars
1 - Connor McDavid (Edm)
2 - Alex Galchenyuk (Edm)
3 - Nino Niederreiter (Det)
Power Play
Red Wings - 2 on 7 Attempt(s) - 28.57%
Oilers - 0 on 3 Attempt(s) - 0.00%
Penalty Kill
Red Wings - 3 on 3 Attempt(s) - 100.00%
- Score 0 goal in Penalty Kill
Oilers - 5 on 7 Attempt(s) - 71.43%
- Score 0 goal in Penalty Kill
Team Stat
Red Wings - Hits : 23 - Faceoff Wins : 35 - Blocked Shots : 3 - Penalty Minutes : 6
Oilers - Hits : 23 - Faceoff Wins : 32 - Blocked Shots : 9 - Penalty Minutes : 14
Official
Referees : Kevin Pollock and Frederick L'Ecuyer
Linesman : Shandor Alphonso and Brian Mach
Game Notes
No Game Note
Finance
Level 1 -- Attendance: 6000 (100.00%) -- Ticket Income $600,000
Level 2 -- Attendance: 5000 (100.00%) -- Ticket Income $300,000
Level 3 -- Attendance: 2000 (100.00%) -- Ticket Income $70,000
Level 4 -- Attendance: 4000 (100.00%) -- Ticket Income $100,000
Luxury Box -- Attendance: 1000 (100.00%) -- Ticket Income $200,000
Game was played at the Rodgers Place.
Total Attendance: 18000 (100.00%)
Total Ticket Income: $1,270,000
Other Income: $190,500
Total Income: $1,460,500
Red Wings
5 vs 5 Forward
Center Left Wing Right Wing Time % Phy DF OF
1 Henrik Zetterberg Marko Dano Nino Niederreiter 40 1 2 2
2 Mike Richards Kris Versteeg Connor Brown 30 1 2 2
3 Dylan Larkin Tye McGinn Carson Mcmillan 20 1 2 2
4 T.J. Hensick Michael Haley Jordin Tootoo 10 1 2 2
5 vs 5 Defense
Defense Defense Time % Phy DF OF
1 Philip Samuelsson Drew Fata 40 1 2 2
2 Jiri Fischer Ole-Kristian Tollefsen 30 1 2 2
3 Jakub Kindl Ryan O'Byrne 20 1 2 2
4 Jakub Kindl Ryan O'Byrne 10 1 2 2
PowerPlay Forward
Center Left Wing Right Wing Time % Phy DF OF
1 Henrik Zetterberg Marko Dano Nino Niederreiter 60 2 1 2
2 Mike Richards Kris Versteeg Connor Brown 40 2 1 2
PowerPlay Defense
Defense Defense Time % Phy DF OF
1 Philip Samuelsson Drew Fata 60 1 2 2
2 Dylan Larkin Ole-Kristian Tollefsen 40 1 2 2
Penalty Kill 4 Players Forward
Center Wing Time % Phy DF OF
1 Kris Versteeg Carson Mcmillan 60 0 4 1
2 T.J. Hensick Michael Haley 40 0 4 1
Penalty Kill 4 Players Defense
Defense Defense Time % Phy DF OF
1 Ryan O'Byrne Drew Fata 60 1 4 0
2 Philip Samuelsson Ole-Kristian Tollefsen 40 1 4 0
Penalty Kill - 3 Players Forward
Forward Time % Phy DF OF
1 Carson Mcmillan 60 1 4 0
2 Michael Haley 40 1 4 0
Penalty Kill - 3 Players Defense
Defense Defense Time % Phy DF OF
1 Ole-Kristian Tollefsen Ryan O'Byrne 60 0 5 0
2 Philip Samuelsson Drew Fata 40 0 5 0
4 vs 4 Forward
Center Wing Time % Phy DF OF
1 Henrik Zetterberg Marko Dano 55 1 2 2
2 Mike Richards Nino Niederreiter 45 1 2 2
4 vs 4 Defense
Defense Defense Time % Phy DF OF
1 Philip Samuelsson Ole-Kristian Tollefsen 60 1 2 2
2 Drew Fata Jiri Fischer 40 1 2 2
Last Minutes Offensive
Center Left Wing Right Wing Defense Defense
Henrik Zetterberg Marko Dano Nino Niederreiter Philip Samuelsson Connor Brown
Last Minutes Defensive
Center Left Wing Right Wing Defense Defense
T.J. Hensick Kris Versteeg Carson Mcmillan Ryan O'Byrne Drew Fata
Goaltenders
Starting : Robin Lehner
Backup : Mike McKenna
Extra Forwards
Normal : Dylan Larkin, Connor Brown, Nino Niederreiter - PP : T.J. Hensick, Carson Mcmillan - PK : Nino Niederreiter
Extra Defensemen
Normal : Philip Samuelsson, Drew Fata, Ryan O'Byrne - PP : Jiri Fischer - PK : Jiri Fischer, Jakub Kindl
Penalty Shots
Kris Versteeg, Dylan Larkin, Marko Dano, Nino Niederreiter, Carson Mcmillan
Scratches
David Krejci (Healthy), David Rundblad (Healthy), Ryane Clowe (Healthy)
Oilers
5 vs 5 Forward
Center Left Wing Right Wing Time % Phy DF OF
1 Patrice Bergeron Jussi Jokinen Tyler Toffoli 40 1 2 2
2 Connor McDavid Alex Galchenyuk Evander Kane 30 1 2 2
3 Ryan Nugent-Hopkins Leon Draisaitl Conor Sheary 20 1 2 2
4 Maxim Lapierre Ted Purcell Nail Yakupov 10 1 2 2
5 vs 5 Defense
Defense Defense Time % Phy DF OF
1 Jake Gardiner Rasmus Ristolainen 40 1 2 2
2 Darnell Nurse Cam Barker 30 1 2 2
3 Tobias Enstrom Duncan Keith 20 1 2 2
4 Jake Gardiner Cam Barker 10 1 2 2
PowerPlay Forward
Center Left Wing Right Wing Time % Phy DF OF
1 Ryan Nugent-Hopkins Alex Galchenyuk Evander Kane 60 1 2 2
2 Connor McDavid Jussi Jokinen Tyler Toffoli 40 1 2 2
PowerPlay Defense
Defense Defense Time % Phy DF OF
1 Rasmus Ristolainen Cam Barker 60 1 2 2
2 Tobias Enstrom Jake Gardiner 40 1 2 2
Penalty Kill 4 Players Forward
Center Wing Time % Phy DF OF
1 Patrice Bergeron Alex Galchenyuk 60 1 2 2
2 Connor McDavid Jussi Jokinen 40 1 2 2
Penalty Kill 4 Players Defense
Defense Defense Time % Phy DF OF
1 Jake Gardiner Cam Barker 60 1 2 2
2 Darnell Nurse Rasmus Ristolainen 40 1 2 2
Penalty Kill - 3 Players Forward
Forward Time % Phy DF OF
1 Patrice Bergeron 60 1 2 2
2 Connor McDavid 40 1 2 2
Penalty Kill - 3 Players Defense
Defense Defense Time % Phy DF OF
1 Jake Gardiner Cam Barker 60 1 2 2
2 Darnell Nurse Rasmus Ristolainen 40 1 2 2
4 vs 4 Forward
Center Wing Time % Phy DF OF
1 Patrice Bergeron Alex Galchenyuk 60 1 2 2
2 Connor McDavid Jussi Jokinen 40 1 2 2
4 vs 4 Defense
Defense Defense Time % Phy DF OF
1 Jake Gardiner Cam Barker 60 1 2 2
2 Darnell Nurse Rasmus Ristolainen 40 1 2 2
Last Minutes Offensive
Center Left Wing Right Wing Defense Defense
Patrice Bergeron Alex Galchenyuk Evander Kane Jake Gardiner Rasmus Ristolainen
Last Minutes Defensive
Center Left Wing Right Wing Defense Defense
Patrice Bergeron Alex Galchenyuk Evander Kane Jake Gardiner Cam Barker
Goaltenders
Starting : James Reimer
Backup : Jonas Hiller
Extra Forwards
Normal : Patrice Bergeron, Connor McDavid, Leon Draisaitl - PP : Patrice Bergeron, Connor McDavid - PK : Patrice Bergeron
Extra Defensemen
Normal : Rasmus Ristolainen, Tobias Enstrom, Duncan Keith - PP : Rasmus Ristolainen - PK : Rasmus Ristolainen, Tobias Enstrom
Penalty Shots
Evander Kane, Alex Galchenyuk, Tyler Toffoli, Jussi Jokinen, Patrice Bergeron
Scratches
Andy Rogers (Healthy), Jordan Caron (Healthy)
% Time on Ice - Red Wings
Lines # - Real PCT - Wanted PCT - Time Play
Normal Forward
1 - 32% - 40% - 14:09
2 - 32% - 30% - 14:04
3 - 20% - 20% - 9:03
4 - 16% - 10% - 7:15
Normal Defense
1 - 42% - 40% - 18:49
2 - 30% - 30% - 13:10
3 - 20% - 20% - 9:07
4 - 8% - 10% - 3:25
PP Forward
1 - 58% - 60% - 4:52
2 - 42% - 40% - 3:33
PP Defense
1 - 67% - 60% - 5:36
2 - 33% - 40% - 2:49
PK Forward
1 - 88% - 60% - 3:33
2 - 12% - 40% - 0:30
PK Defense
1 - 59% - 60% - 2:24
2 - 41% - 40% - 1:39
PK3 Forward
1 - 0% - 60%
2 - 0% - 40%
PK3 Defense
1 - 0% - 60%
2 - 0% - 40%
44 Forward
1 - 76% - 55% - 1:27
2 - 24% - 45% - 0:28
44 Defense
1 - 57% - 60% - 1:05
2 - 43% - 40% - 0:50
Last Minute Offensive - 1:06
Last Minute Defensive - 0:00
Total
Forward - 60:00
Defense - 60:00
|
% Time on Ice - Oilers
Lines # - Real PCT - Wanted PCT - Time Play
Normal Forward
1 - 34% - 40% - 14:55
2 - 34% - 30% - 15:07
3 - 19% - 20% - 8:25
4 - 14% - 10% - 6:04
Normal Defense
1 - 41% - 40% - 18:17
2 - 30% - 30% - 13:19
3 - 24% - 20% - 10:45
4 - 5% - 10% - 2:10
PP Forward
1 - 54% - 60% - 2:11
2 - 46% - 40% - 1:52
PP Defense
1 - 60% - 60% - 2:26
2 - 40% - 40% - 1:37
PK Forward
1 - 74% - 60% - 6:12
2 - 26% - 40% - 2:13
PK Defense
1 - 71% - 60% - 5:57
2 - 29% - 40% - 2:28
PK3 Forward
1 - 0% - 60%
2 - 0% - 40%
PK3 Defense
1 - 0% - 60%
2 - 0% - 40%
44 Forward
1 - 100% - 60% - 1:55
2 - 0% - 40% - 0:00
44 Defense
1 - 62% - 60% - 1:11
2 - 38% - 40% - 0:44
Last Minute Offensive - 0:00
Last Minute Defensive - 1:06
Total
Forward - 60:00
Defense - 60:00
|
Play-by-Play
1st period
0:01 of 1st period - Henrik Zetterberg wins face-off versus Patrice Bergeron in neutral zone.
0:08 of 1st period - Wrist shot by Marko Dano.
0:08 of 1st period - Stopped by James Reimer with a rebound.
0:10 of 1st period - Snap shot by Nino Niederreiter.
0:10 of 1st period - Stopped by James Reimer without a rebound.
0:11 of 1st period - Mike Richards wins face-off versus Connor McDavid in Oilers zone.
0:14 of 1st period - Wrist shot by Mike Richards.
0:14 of 1st period - Shot Misses the Net.
0:16 of 1st period - Snap shot by Mike Richards.
0:16 of 1st period - Shot Misses the Net.
0:18 of 1st period - Snap shot by Mike Richards.
0:18 of 1st period - Shot Misses the Net.
0:20 of 1st period - Snap shot by Kris Versteeg.
0:20 of 1st period - Shot Misses the Net.
0:24 of 1st period - Snap shot by Connor Brown.
0:24 of 1st period - Deflect By Mike Richards.
0:24 of 1st period - Stopped by James Reimer without a rebound.
0:25 of 1st period - Dylan Larkin wins face-off versus Ryan Nugent-Hopkins in Oilers zone.
0:40 of 1st period - Snap shot by Conor Sheary.
0:40 of 1st period - Stopped by Robin Lehner with a rebound.
0:42 of 1st period - Snap shot by Ryan Nugent-Hopkins.
0:42 of 1st period - Shot Misses the Net.
0:54 of 1st period - Patrice Bergeron is hit by Marko Dano and loses puck.
1:36 of 1st period - Rasmus Ristolainen is hit by Drew Fata and loses puck.
1:59 of 1st period - Slapshot by Dylan Larkin.
1:59 of 1st period - Stopped by James Reimer without a rebound.
2:00 of 1st period - Henrik Zetterberg wins face-off versus Patrice Bergeron in Oilers zone.
2:12 of 1st period - Minor Penalty to Patrice Bergeron for High sticking.
2:13 of 1st period - Henrik Zetterberg wins face-off versus Connor McDavid in Oilers zone.
2:17 of 1st period - Wrist shot by Henrik Zetterberg.
2:17 of 1st period - Stopped by James Reimer without a rebound.
2:18 of 1st period - Connor McDavid wins face-off versus Henrik Zetterberg in Oilers zone.
2:30 of 1st period - Off-side.
2:31 of 1st period - Henrik Zetterberg wins face-off versus Connor McDavid in neutral zone.
2:34 of 1st period - Snap shot by Marko Dano.
2:34 of 1st period - Stopped by James Reimer with a rebound.
4:12 of 1st period - Penalty to Patrice Bergeron is over, Patrice Bergeron is back on ice.
4:17 of 1st period - Snap shot by Conor Sheary.
4:17 of 1st period - Shot Misses the Net.
4:19 of 1st period - Slapshot by Cam Barker.
4:19 of 1st period - Stopped by Robin Lehner with a rebound.
5:43 of 1st period - Off-side.
5:44 of 1st period - Connor McDavid wins face-off versus Dylan Larkin in neutral zone.
5:49 of 1st period - Slapshot by Connor McDavid.
5:49 of 1st period - Goal by Connor McDavid - Red Wings : 0 - Oilers : 1.
5:50 of 1st period - Patrice Bergeron wins face-off versus Henrik Zetterberg in neutral zone.
7:01 of 1st period - Snap shot by Nino Niederreiter.
7:01 of 1st period - Stopped by James Reimer with a rebound.
7:09 of 1st period - Ole-Kristian Tollefsen is hit by Cam Barker and loses puck.
8:02 of 1st period - Slapshot by Connor McDavid.
8:02 of 1st period - Stopped by Robin Lehner without a rebound.
8:03 of 1st period - Ryan Nugent-Hopkins wins face-off versus Dylan Larkin in Red Wings zone.
8:18 of 1st period - Wrist shot by Carson Mcmillan.
8:18 of 1st period - Deflect By Dylan Larkin.
8:18 of 1st period - Stopped by James Reimer without a rebound.
8:19 of 1st period - Patrice Bergeron wins face-off versus Henrik Zetterberg in Oilers zone.
8:34 of 1st period - Marko Dano is hit by Patrice Bergeron and loses puck.
10:07 of 1st period - Alex Galchenyuk is hit by Ole-Kristian Tollefsen and loses puck.
10:18 of 1st period - Snap shot by Mike Richards.
10:18 of 1st period - Shot Misses the Net.
11:07 of 1st period - Snap shot by Ryan Nugent-Hopkins.
11:07 of 1st period - Stopped by Robin Lehner with a rebound.
11:09 of 1st period - Slapshot by Jake Gardiner.
11:09 of 1st period - Deflect By Nino Niederreiter.
11:09 of 1st period - Stopped by Robin Lehner without a rebound.
11:10 of 1st period - Ryan Nugent-Hopkins wins face-off versus Henrik Zetterberg in Red Wings zone.
11:13 of 1st period - Wrist shot by Leon Draisaitl.
11:13 of 1st period - Stopped by Robin Lehner without a rebound.
11:14 of 1st period - Henrik Zetterberg wins face-off versus Patrice Bergeron in Red Wings zone.
11:41 of 1st period - Philip Samuelsson is hit by Conor Sheary and loses puck.
12:06 of 1st period - Wrist shot by Ted Purcell.
12:06 of 1st period - Shot Misses the Net.
12:30 of 1st period - Michael Haley is hit by Tobias Enstrom.
12:38 of 1st period - T.J. Hensick is hit by Alex Galchenyuk and loses puck.
13:01 of 1st period - Snap shot by Marko Dano.
13:01 of 1st period - Shot Misses the Net.
13:06 of 1st period - Icing by Jussi Jokinen.
13:07 of 1st period - Mike Richards wins face-off versus Patrice Bergeron in Oilers zone.
13:20 of 1st period - Slapshot by Tyler Toffoli.
13:20 of 1st period - Stopped by Robin Lehner with a rebound.
13:54 of 1st period - Off-side.
13:55 of 1st period - Connor McDavid wins face-off versus Dylan Larkin in neutral zone.
14:20 of 1st period - Drew Fata is hit by Conor Sheary and loses puck.
15:06 of 1st period - Minor Penalty to Ted Purcell for Roughing.
15:07 of 1st period - Henrik Zetterberg wins face-off versus Patrice Bergeron in Oilers zone.
15:15 of 1st period - Wrist shot by Nino Niederreiter.
15:15 of 1st period - Deflect By Cam Barker.
15:15 of 1st period - Stopped by James Reimer without a rebound.
15:16 of 1st period - Patrice Bergeron wins face-off versus Nino Niederreiter in Oilers zone.
15:40 of 1st period - Snap shot by Marko Dano.
15:40 of 1st period - Shot Misses the Net.
15:42 of 1st period - Snap shot by Nino Niederreiter.
15:42 of 1st period - Shot Blocked by Cam Barker.
15:44 of 1st period - Wrist shot by Philip Samuelsson.
15:44 of 1st period - Shot Misses the Net.
15:48 of 1st period - Snap shot by Marko Dano.
15:48 of 1st period - Stopped by James Reimer with a rebound.
15:50 of 1st period - Snap shot by Drew Fata.
15:50 of 1st period - Shot Misses the Net.
15:52 of 1st period - Wrist shot by Nino Niederreiter.
15:52 of 1st period - Stopped by James Reimer without a rebound.
15:53 of 1st period - Patrice Bergeron wins face-off versus Kris Versteeg in Oilers zone.
17:06 of 1st period - Penalty to Ted Purcell is over, Ted Purcell is back on ice.
17:08 of 1st period - Slapshot by Jake Gardiner.
17:08 of 1st period - Shot Misses the Net.
18:41 of 1st period - Off-side.
18:42 of 1st period - Ryan Nugent-Hopkins wins face-off versus T.J. Hensick in neutral zone.
18:45 of 1st period - Jordin Tootoo is hit by Conor Sheary and loses puck.
19:27 of 1st period - Wrist shot by Connor McDavid.
19:27 of 1st period - Shot Misses the Net.
19:39 of 1st period - Ole-Kristian Tollefsen is hit by Patrice Bergeron and loses puck.
19:58 of 1st period - Leon Draisaitl is hit by Ole-Kristian Tollefsen and loses puck.
Goals for this period are 0 for Red Wings vs 1 for Oilers.
Shots for this period are 11 for Red Wings vs 8 for Oilers.
2nd period
0:01 of 2nd period - Henrik Zetterberg wins face-off versus Patrice Bergeron in neutral zone.
0:06 of 2nd period - Slapshot by Nino Niederreiter.
0:06 of 2nd period - Stopped by James Reimer without a rebound.
0:07 of 2nd period - Patrice Bergeron wins face-off versus Henrik Zetterberg in Oilers zone.
0:28 of 2nd period - Wrist shot by Henrik Zetterberg.
0:28 of 2nd period - Shot Misses the Net.
0:30 of 2nd period - Slapshot by Philip Samuelsson.
0:30 of 2nd period - Deflect By Jake Gardiner.
0:30 of 2nd period - Stopped by James Reimer with a rebound.
0:32 of 2nd period - Slapshot by Drew Fata.
0:32 of 2nd period - Stopped by James Reimer without a rebound.
0:33 of 2nd period - Mike Richards wins face-off versus Connor McDavid in Oilers zone.
0:50 of 2nd period - Wrist shot by Connor McDavid.
0:50 of 2nd period - Stopped by Robin Lehner with a rebound.
1:07 of 2nd period - Off-side.
1:08 of 2nd period - Henrik Zetterberg wins face-off versus Patrice Bergeron in neutral zone.
1:10 of 2nd period - Philip Samuelsson is hit by Darnell Nurse.
1:56 of 2nd period - Wrist shot by Patrice Bergeron.
1:56 of 2nd period - Stopped by Robin Lehner without a rebound.
1:57 of 2nd period - Mike Richards wins face-off versus Connor McDavid in Red Wings zone.
2:14 of 2nd period - Slapshot by Jake Gardiner.
2:14 of 2nd period - Goal by Jake Gardiner - Red Wings : 0 - Oilers : 2.
2:15 of 2nd period - Henrik Zetterberg wins face-off versus Evander Kane in neutral zone.
2:24 of 2nd period - Snap shot by Marko Dano.
2:24 of 2nd period - Stopped by James Reimer without a rebound.
2:25 of 2nd period - Connor McDavid wins face-off versus Henrik Zetterberg in Oilers zone.
2:34 of 2nd period - Snap shot by Evander Kane.
2:34 of 2nd period - Shot Misses the Net.
2:36 of 2nd period - Slapshot by Cam Barker.
2:36 of 2nd period - Stopped by Robin Lehner without a rebound.
2:37 of 2nd period - Henrik Zetterberg wins face-off versus Patrice Bergeron in Red Wings zone.
3:11 of 2nd period - Wrist shot by Connor Brown.
3:11 of 2nd period - Shot Blocked by Evander Kane.
3:13 of 2nd period - Snap shot by Kris Versteeg.
3:13 of 2nd period - Shot Misses the Net.
3:15 of 2nd period - Snap shot by Mike Richards.
3:15 of 2nd period - Shot Misses the Net.
3:31 of 2nd period - Snap shot by Ryan Nugent-Hopkins.
3:31 of 2nd period - Shot Misses the Net.
3:33 of 2nd period - Slapshot by Rasmus Ristolainen.
3:33 of 2nd period - Shot Blocked by Jiri Fischer.
3:35 of 2nd period - Slapshot by Rasmus Ristolainen.
3:35 of 2nd period - Shot Misses the Net.
4:31 of 2nd period - Slapshot by Kris Versteeg.
4:31 of 2nd period - Stopped by James Reimer without a rebound.
4:32 of 2nd period - Connor McDavid wins face-off versus Mike Richards in Oilers zone.
4:47 of 2nd period - Slapshot by Mike Richards.
4:47 of 2nd period - Shot Misses the Net.
4:49 of 2nd period - Wrist shot by Mike Richards.
4:49 of 2nd period - Shot Misses the Net.
5:01 of 2nd period - Snap shot by Mike Richards.
5:01 of 2nd period - Stopped by James Reimer with a rebound.
5:03 of 2nd period - Wrist shot by Mike Richards.
5:03 of 2nd period - Shot Misses the Net.
5:05 of 2nd period - Slapshot by Ryan O'Byrne.
5:05 of 2nd period - Shot Blocked by Tobias Enstrom.
5:07 of 2nd period - Snap shot by Ryan O'Byrne.
5:07 of 2nd period - Shot Misses the Net.
5:39 of 2nd period - Wrist shot by Connor Brown.
5:39 of 2nd period - Stopped by James Reimer with a rebound.
5:47 of 2nd period - Snap shot by Connor McDavid.
5:47 of 2nd period - Stopped by Robin Lehner without a rebound.
5:48 of 2nd period - Patrice Bergeron wins face-off versus Henrik Zetterberg in Red Wings zone.
5:49 of 2nd period - Snap shot by Jussi Jokinen.
5:49 of 2nd period - Stopped by Robin Lehner without a rebound.
5:50 of 2nd period - Patrice Bergeron wins face-off versus Henrik Zetterberg in Red Wings zone.
6:17 of 2nd period - Conor Sheary is hit by Philip Samuelsson.
6:38 of 2nd period - Snap shot by Philip Samuelsson.
6:38 of 2nd period - Deflect By Jordin Tootoo.
6:38 of 2nd period - Shot Blocked by Jake Gardiner.
6:38 of 2nd period - Puck is out of play.
6:39 of 2nd period - T.J. Hensick wins face-off versus Maxim Lapierre in Oilers zone.
6:44 of 2nd period - Snap shot by Michael Haley.
6:44 of 2nd period - Shot Misses the Net.
7:15 of 2nd period - Rasmus Ristolainen is hit by Nino Niederreiter and loses puck.
7:26 of 2nd period - Slapshot by Rasmus Ristolainen.
7:26 of 2nd period - Stopped by Robin Lehner with a rebound.
7:28 of 2nd period - Snap shot by Evander Kane.
7:28 of 2nd period - Shot Misses the Net.
7:30 of 2nd period - Snap shot by Duncan Keith.
7:30 of 2nd period - Shot Misses the Net.
7:32 of 2nd period - Slapshot by Tobias Enstrom.
7:32 of 2nd period - Stopped by Robin Lehner without a rebound.
7:33 of 2nd period - Mike Richards wins face-off versus Connor McDavid in Red Wings zone.
7:33 of 2nd period - Philip Samuelsson is hit by Tobias Enstrom and loses puck.
7:46 of 2nd period - Backhand shot by Alex Galchenyuk.
7:46 of 2nd period - Shot Misses the Net.
7:48 of 2nd period - Snap shot by Alex Galchenyuk.
7:48 of 2nd period - Goal by Alex Galchenyuk - Red Wings : 0 - Oilers : 3.
7:49 of 2nd period - Henrik Zetterberg wins face-off versus Patrice Bergeron in neutral zone.
8:16 of 2nd period - Rasmus Ristolainen is hit by Mike Richards and loses puck.
8:41 of 2nd period - Slapshot by Dylan Larkin.
8:41 of 2nd period - Shot Blocked by Darnell Nurse.
8:43 of 2nd period - Snap shot by Jakub Kindl.
8:43 of 2nd period - Stopped by James Reimer without a rebound.
8:44 of 2nd period - Patrice Bergeron wins face-off versus Dylan Larkin in Oilers zone.
8:44 of 2nd period - Patrice Bergeron is hit by Carson Mcmillan.
8:58 of 2nd period - Slapshot by Patrice Bergeron.
8:58 of 2nd period - Stopped by Robin Lehner without a rebound.
8:59 of 2nd period - Henrik Zetterberg wins face-off versus Connor McDavid in Red Wings zone.
8:59 of 2nd period - Henrik Zetterberg is hit by Evander Kane.
9:25 of 2nd period - Jussi Jokinen is hit by Drew Fata and loses puck.
9:48 of 2nd period - Snap shot by Ryan Nugent-Hopkins.
9:48 of 2nd period - Stopped by Robin Lehner without a rebound.
9:49 of 2nd period - Dylan Larkin wins face-off versus Leon Draisaitl in Red Wings zone.
10:10 of 2nd period - Dylan Larkin is hit by Tobias Enstrom and loses puck.
10:16 of 2nd period - Minor Penalty to Leon Draisaitl for Holding.
10:17 of 2nd period - Patrice Bergeron wins face-off versus Henrik Zetterberg in Oilers zone.
10:25 of 2nd period - Slapshot by Henrik Zetterberg.
10:25 of 2nd period - Stopped by James Reimer with a rebound.
10:27 of 2nd period - Slapshot by Drew Fata.
10:27 of 2nd period - Shot Misses the Net.
10:29 of 2nd period - Wrist shot by Nino Niederreiter.
10:29 of 2nd period - Goal by Nino Niederreiter - Red Wings : 1 - Oilers : 3.
10:30 of 2nd period - Henrik Zetterberg wins face-off versus Patrice Bergeron in neutral zone.
10:35 of 2nd period - Wrist shot by Nino Niederreiter.
10:35 of 2nd period - Deflect By Marko Dano.
10:35 of 2nd period - Stopped by James Reimer without a rebound.
10:36 of 2nd period - Henrik Zetterberg wins face-off versus Tyler Toffoli in Oilers zone.
10:51 of 2nd period - Wrist shot by Henrik Zetterberg.
10:51 of 2nd period - Stopped by James Reimer with a rebound.
10:53 of 2nd period - Wrist shot by Marko Dano.
10:53 of 2nd period - Shot Blocked by Jake Gardiner.
11:03 of 2nd period - Slapshot by Jake Gardiner.
11:03 of 2nd period - Shot Blocked by Connor Brown.
11:19 of 2nd period - Minor Penalty to Jake Gardiner for Interference.
11:20 of 2nd period - Henrik Zetterberg wins face-off versus Patrice Bergeron in Oilers zone.
11:53 of 2nd period - Snap shot by Connor Brown.
11:53 of 2nd period - Stopped by James Reimer with a rebound.
12:22 of 2nd period - Icing by Connor Brown.
12:23 of 2nd period - Patrice Bergeron wins face-off versus Mike Richards in Red Wings zone.
13:02 of 2nd period - Kris Versteeg is hit by Patrice Bergeron and loses puck.
13:19 of 2nd period - Penalty to Jake Gardiner is over, Jake Gardiner is back on ice.
13:37 of 2nd period - Wrist shot by T.J. Hensick.
13:37 of 2nd period - Stopped by James Reimer with a rebound.
13:39 of 2nd period - Snap shot by Jakub Kindl.
13:39 of 2nd period - Shot Blocked by Conor Sheary.
13:46 of 2nd period - Icing by Cam Barker.
13:47 of 2nd period - Dylan Larkin wins face-off versus Ryan Nugent-Hopkins in Oilers zone.
14:50 of 2nd period - Wrist shot by Dylan Larkin.
14:50 of 2nd period - Shot Misses the Net.
14:52 of 2nd period - Wrist shot by Dylan Larkin.
14:52 of 2nd period - Stopped by James Reimer without a rebound.
14:53 of 2nd period - Henrik Zetterberg wins face-off versus Connor McDavid in Oilers zone.
14:58 of 2nd period - Snap shot by Nino Niederreiter.
14:58 of 2nd period - Stopped by James Reimer without a rebound.
14:59 of 2nd period - Henrik Zetterberg wins face-off versus Connor McDavid in Oilers zone.
15:58 of 2nd period - Wrist shot by Leon Draisaitl.
15:58 of 2nd period - Stopped by Robin Lehner with a rebound.
16:24 of 2nd period - Rasmus Ristolainen is hit by Jakub Kindl and loses puck.
17:35 of 2nd period - Minor Penalty to Leon Draisaitl for Hooking.
17:36 of 2nd period - Henrik Zetterberg wins face-off versus Patrice Bergeron in Oilers zone.
17:51 of 2nd period - Marko Dano is hit by Jake Gardiner and loses puck.
18:02 of 2nd period - Alex Galchenyuk is hit by Kris Versteeg and loses puck.
19:19 of 2nd period - Ted Purcell is hit by Drew Fata and loses puck.
19:35 of 2nd period - Penalty to Leon Draisaitl is over, Leon Draisaitl is back on ice.
19:42 of 2nd period - Slapshot by T.J. Hensick.
19:42 of 2nd period - Deflect By Jussi Jokinen.
19:42 of 2nd period - Goal by T.J. Hensick - Red Wings : 2 - Oilers : 3.
19:43 of 2nd period - Connor McDavid wins face-off versus Dylan Larkin in neutral zone.
19:58 of 2nd period - Snap shot by Connor McDavid.
19:58 of 2nd period - Stopped by Robin Lehner without a rebound.
19:59 of 2nd period - Marko Dano wins face-off versus Patrice Bergeron in Red Wings zone.
0:00 of 3rd period - Minor Penalty to Henrik Zetterberg for Roughing.
Goals for this period are 2 for Red Wings vs 2 for Oilers.
Shots for this period are 17 for Red Wings vs 13 for Oilers.
3rd period
0:01 of 3rd period - Ryan Nugent-Hopkins wins face-off versus Kris Versteeg in neutral zone.
0:12 of 3rd period - Wrist shot by Evander Kane.
0:12 of 3rd period - Shot Misses the Net.
0:14 of 3rd period - Slapshot by Alex Galchenyuk.
0:14 of 3rd period - Stopped by Robin Lehner without a rebound.
0:15 of 3rd period - Ryan Nugent-Hopkins wins face-off versus Kris Versteeg in Red Wings zone.
0:16 of 3rd period - Wrist shot by Alex Galchenyuk.
0:16 of 3rd period - Shot Misses the Net.
1:07 of 3rd period - Michael Haley is hit by Ryan Nugent-Hopkins and loses puck.
2:00 of 3rd period - Penalty to Henrik Zetterberg is over, Henrik Zetterberg is back on ice.
2:08 of 3rd period - Michael Haley is hit by Nail Yakupov and loses puck.
2:53 of 3rd period - Cam Barker is hit by Tye McGinn and loses puck.
3:06 of 3rd period - Darnell Nurse is hit by T.J. Hensick and loses puck.
3:47 of 3rd period - Carson Mcmillan is hit by Conor Sheary and loses puck.
4:08 of 3rd period - Jakub Kindl is hit by Alex Galchenyuk and loses puck.
4:21 of 3rd period - Slapshot by Maxim Lapierre.
4:21 of 3rd period - Goal by Maxim Lapierre - Red Wings : 2 - Oilers : 4.
4:22 of 3rd period - Henrik Zetterberg wins face-off versus Patrice Bergeron in neutral zone.
4:25 of 3rd period - Jussi Jokinen is hit by Nino Niederreiter and loses puck.
4:48 of 3rd period - Jake Gardiner is hit by Philip Samuelsson and loses puck.
5:04 of 3rd period - Minor Penalty to Carson Mcmillan for Holding.
5:05 of 3rd period - Kris Versteeg wins face-off versus Alex Galchenyuk in Red Wings zone.
5:05 of 3rd period - Kris Versteeg is hit by Ryan Nugent-Hopkins.
6:06 of 3rd period - Snap shot by Jake Gardiner.
6:06 of 3rd period - Shot Misses the Net.
6:08 of 3rd period - Slapshot by Tobias Enstrom.
6:08 of 3rd period - Stopped by Robin Lehner without a rebound.
6:09 of 3rd period - Kris Versteeg wins face-off versus Ryan Nugent-Hopkins in Red Wings zone.
7:04 of 3rd period - Penalty to Carson Mcmillan is over, Carson Mcmillan is back on ice.
7:12 of 3rd period - Maxim Lapierre is hit by Tye McGinn and loses puck.
8:01 of 3rd period - Slapshot by T.J. Hensick.
8:01 of 3rd period - Stopped by James Reimer without a rebound.
8:02 of 3rd period - Dylan Larkin wins face-off versus Connor McDavid in Oilers zone.
8:34 of 3rd period - Off-side.
8:35 of 3rd period - Maxim Lapierre wins face-off versus Henrik Zetterberg in neutral zone.
8:44 of 3rd period - Snap shot by Nail Yakupov.
8:44 of 3rd period - Shot Misses the Net.
8:46 of 3rd period - Snap shot by Duncan Keith.
8:46 of 3rd period - Stopped by Robin Lehner without a rebound.
8:47 of 3rd period - Henrik Zetterberg wins face-off versus Jussi Jokinen in Red Wings zone.
8:47 of 3rd period - Henrik Zetterberg is hit by Jussi Jokinen.
9:09 of 3rd period - Minor Penalty to Darnell Nurse for Holding.
9:10 of 3rd period - Patrice Bergeron wins face-off versus Henrik Zetterberg in Oilers zone.
9:21 of 3rd period - Snap shot by Henrik Zetterberg.
9:21 of 3rd period - Goal by Henrik Zetterberg - Red Wings : 3 - Oilers : 4.
9:22 of 3rd period - Patrice Bergeron wins face-off versus Henrik Zetterberg in neutral zone.
9:29 of 3rd period - Darnell Nurse is hit by Marko Dano and loses puck.
9:34 of 3rd period - Slapshot by Nino Niederreiter.
9:34 of 3rd period - Stopped by James Reimer without a rebound.
9:35 of 3rd period - Patrice Bergeron wins face-off versus Marko Dano in Oilers zone.
9:48 of 3rd period - Snap shot by Henrik Zetterberg.
9:48 of 3rd period - Shot Misses the Net.
9:50 of 3rd period - Wrist shot by Philip Samuelsson.
9:50 of 3rd period - Stopped by James Reimer without a rebound.
9:51 of 3rd period - Mike Richards wins face-off versus Connor McDavid in Oilers zone.
10:26 of 3rd period - Snap shot by Alex Galchenyuk.
10:26 of 3rd period - Shot Blocked by Drew Fata.
10:28 of 3rd period - Snap shot by Connor McDavid.
10:28 of 3rd period - Stopped by Robin Lehner with a rebound.
10:30 of 3rd period - Wrist shot by Alex Galchenyuk.
10:30 of 3rd period - Shot Misses the Net.
10:58 of 3rd period - Snap shot by Alex Galchenyuk.
10:58 of 3rd period - Stopped by Robin Lehner with a rebound.
12:06 of 3rd period - Snap shot by Evander Kane.
12:06 of 3rd period - Stopped by Robin Lehner with a rebound.
12:08 of 3rd period - Slapshot by Cam Barker.
12:08 of 3rd period - Stopped by Robin Lehner with a rebound.
12:20 of 3rd period - Snap shot by Evander Kane.
12:20 of 3rd period - Stopped by Robin Lehner without a rebound.
12:21 of 3rd period - Patrice Bergeron wins face-off versus Henrik Zetterberg in Red Wings zone.
12:34 of 3rd period - Jussi Jokinen is hit by Marko Dano and loses puck.
12:53 of 3rd period - Wrist shot by Ted Purcell.
12:53 of 3rd period - Stopped by Robin Lehner with a rebound.
12:55 of 3rd period - Snap shot by Maxim Lapierre.
12:55 of 3rd period - Stopped by Robin Lehner without a rebound.
12:56 of 3rd period - Patrice Bergeron wins face-off versus Dylan Larkin in Red Wings zone.
13:11 of 3rd period - Jakub Kindl is hit by Patrice Bergeron.
13:34 of 3rd period - Minor Penalty to Michael Haley for Slashing.
13:35 of 3rd period - Patrice Bergeron wins face-off versus T.J. Hensick in Red Wings zone.
13:38 of 3rd period - Minor Penalty to Jussi Jokinen for Holding Stick.
13:39 of 3rd period - Henrik Zetterberg wins face-off versus Patrice Bergeron in Oilers zone.
15:02 of 3rd period - Drew Fata is hit by Ted Purcell and loses puck.
15:34 of 3rd period - Penalty to Michael Haley is over, Michael Haley is back on ice.
15:38 of 3rd period - Penalty to Jussi Jokinen is over, Jussi Jokinen is back on ice.
16:28 of 3rd period - Leon Draisaitl is hit by T.J. Hensick and loses puck.
17:14 of 3rd period - Philip Samuelsson is hit by Nail Yakupov and loses puck.
17:25 of 3rd period - Jake Gardiner is hit by Jordin Tootoo and loses puck.
18:00 of 3rd period - Nail Yakupov is hit by Jiri Fischer and loses puck.
18:16 of 3rd period - Alex Galchenyuk is hit by Jordin Tootoo.
18:21 of 3rd period - Off-side.
18:22 of 3rd period - Patrice Bergeron wins face-off versus Henrik Zetterberg in neutral zone.
18:27 of 3rd period - Backhand shot by Jussi Jokinen.
18:27 of 3rd period - Shot Misses the Net.
18:37 of 3rd period - Icing by Patrice Bergeron.
18:38 of 3rd period - Patrice Bergeron wins face-off versus Dylan Larkin in Oilers zone.
18:45 of 3rd period - Red Wings, Robin Lehner is pulled from the net.
18:53 of 3rd period - Slapshot by Dylan Larkin.
18:53 of 3rd period - Stopped by James Reimer without a rebound.
18:54 of 3rd period - Terry Murray call a timeout for Red Wings.
18:54 of 3rd period - Patrice Bergeron wins face-off versus Henrik Zetterberg in Oilers zone.
19:13 of 3rd period - Wrist shot by Nino Niederreiter.
19:13 of 3rd period - Shot Misses the Net.
19:15 of 3rd period - Wrist shot by Connor Brown.
19:15 of 3rd period - Shot Misses the Net.
19:21 of 3rd period - Wrist shot by Henrik Zetterberg.
19:21 of 3rd period - Stopped by James Reimer with a rebound.
19:23 of 3rd period - Wrist shot by Philip Samuelsson.
19:23 of 3rd period - Stopped by James Reimer without a rebound.
19:24 of 3rd period - Alex Galchenyuk wins face-off versus Henrik Zetterberg in Oilers zone.
19:45 of 3rd period - Slapshot by Nino Niederreiter.
19:45 of 3rd period - Shot Blocked by Alex Galchenyuk.
19:53 of 3rd period - Snap shot by Nino Niederreiter.
19:53 of 3rd period - Shot Blocked by Evander Kane.
19:57 of 3rd period - Snap shot by Nino Niederreiter.
19:57 of 3rd period - Stopped by James Reimer with a rebound.
19:59 of 3rd period - Snap shot by Marko Dano.
19:59 of 3rd period - Stopped by James Reimer without a rebound.
Goals for this period are 1 for Red Wings vs 1 for Oilers.
Shots for this period are 9 for Red Wings vs 11 for Oilers.
Output by the SimonT Hockey Simulator (STHS) for Francois Prevost